Map: Эхо РВ

Players

Cusu - Winner!

  • Race: Terran Terran

GoodGameRU

  • Race: Terran Terran

VOD

Have the link to the VOD?

Description

Time

  • Played on: April 10, 2015, 11:36 a.m.
  • Length: 2:50
Show
View Real Time Build Order
Export as new Build Order

Cusu Terran - Winner!

Build Orders:  

Get SALT Encoding   

  12  0:01  SCV  
  13  0:13  SCV  
  14  0:20  Supply Depot  
  14  0:25  SCV  
  15  0:52  Barracks x2  
  15  1:08  Barracks  
  15  1:11  SCV  
  16  1:23  SCV  
  16  1:24  Supply Depot  
  17  1:36  SCV  
  17  1:39  Marine  
  19  1:40  Marine  
  20  1:55  Marine  
  20  1:57  Marine x2  
  23  2:01  Orbital Command  
  23  2:13  Marine  
  23  2:15  Marine x2  
  26  2:31  Marine  
Show
View Real Time Build Order
Export as new Build Order

GoodGameRU Terran 

Build Orders: Command Center First (CC) 

Get SALT Encoding   

  12  0:11  SCV  
  13  0:23  SCV  
  13  0:27  Supply Depot  
  14  0:36  SCV  
  15  0:49  SCV  
  16  0:59  Command Center  
  16  1:02  SCV  
  17  1:14  Barracks  
  17  1:18  Refinery  
  17  1:21  SCV  
  18  1:33  SCV  
  19  1:46  SCV  
  21  2:02  Orbital Command  
  21  2:04  Reaper  
  21  2:11  Orbital Command  
  21  2:28  SCV  
  21  2:29  Barracks  
  22  2:31  Barracks  
  22  2:36  Barracks Tech Lab  
Tags
 
Add a new tag
Caveats
  • Supply blocks, unpowered buildings, or Contaminate may cause inaccurate times.
  • Supply counts are checked every 10 seconds.